 Dungeon Crawl Stone Soup version 0.26.0-10-g1f06aea511 (webtiles) character file.

Game seed: 7352130204078190806

1551970 inmateoo the Intangible (level 27, 281/298 HPs)
             Began as a Merfolk Gladiator on Jan 13, 2021.
             Was the Champion of Okawaru.
             Escaped with the Orb
             ... and 3 runes on Jan 14, 2021!
             The game lasted 01:42:04 (86621 turns).

inmateoo the Intangible (Merfolk Gladiator)        Turns: 86621, Time: 01:42:04

Health: 281/298    AC: 40    Str: 21    XL:     27
Magic:  22/26      EV: 18    Int:  5    God:    Okawaru [******]
Gold:   3183       SH: 30    Dex: 23    Spells: 26/26 levels left

rFire    + . .     SeeInvis +   F - +8 demon trident (freeze)
rCold    + + .     Faith    .   X - +10 tower shield of Ignorance {rN+ Int-4}
rNeg     + . .     Spirit   +   L - +11 gold dragon scales "Loilla" {rPois rF+ rC+ Dex+3}
rPois    +         Reflect  .   J - +2 hood of the Assassin {Detection Stab+ Stlth++}
rElec    +         Harm     .   K - +2 cloak of the Trout {Will+}
rCorr    .         Rampage  .   Z - +3 pair of gauntlets of War {Slay+5}
Will     +++..                  Y - +1 pair of boots {run}
Stlth    ..........             Q - amulet of guardian spirit
HPRegen  0.59/turn              p - ring of protection from cold
MPRegen  0.20/turn              i - ring of see invisible

@: quick
A: change form in water, swift swim, stealthy swim, agile 1, deformed body, low
mp 1, robust 2, electricity resistance, weak 1, evolution 1, no potion heal 1,
MP-powered wands
0: Orb of Zot
}: 3/15 runes: decaying, silver, gossamer
a: Renounce Religion, Heroism, Finesse


You escaped.
You worshipped Okawaru.
Okawaru was exalted by your worship.
You visited 8 branches of the dungeon, and saw 46 of its levels.
You visited the Abyss 1 time.
You also visited: Bailey, Gauntlet, Volcano and Wizlab.

You collected 7225 gold pieces.
You spent 4042 gold pieces at shops.

Inventory:

Hand Weapons
 F - a +8 demon trident of freezing (weapon)
Missiles
 d - 4 throwing nets (quivered)
 x - 61 javelins
Armour
 J - the +2 hood of the Assassin (worn) {Detection Stab+ Stlth++}
   (Okawaru gifted it to you on level 12 of the Dungeon)

   It makes you much more stealthy.
 K - the +2 cloak of the Trout (worn) {Will+}
   (Okawaru gifted it to you on level 4 of the Swamp)

   It affects your willpower, your defense against some magical effects.
 L - the +11 gold dragon scales "Loilla" (worn) {rPois rF+ rC+ Dex+3}
   (Okawaru gifted it to you on level 3 of the Vaults)

   It affects your dexterity (+3).
   It protects you from fire.
   It protects you from cold.
   It protects you from poison.
 X - the +10 tower shield of Ignorance (worn) {rN+ Int-4}
   (You found it on level 2 of the Orcish Mines)

   It affects your intelligence (-4).
   It protects you from negative energy.
 Y - a +1 pair of boots of running (worn)
 Z - the +3 pair of gauntlets of War (worn) {Slay+5}
   (Okawaru gifted it to you on level 5 of the Depths)

   It affects your accuracy and damage with ranged weapons and melee attacks
   (+5).
Jewellery
 a - an uncursed ring of fire
 i - a ring of see invisible (right hand)
 p - a ring of protection from cold (left hand)
 G - an uncursed ring of resist corrosion
 Q - an amulet of guardian spirit (around neck)
Wands
 e - a wand of enslavement (49)
 q - a wand of acid (12)
 w - a wand of digging (23)
 y - a wand of iceblast (28)
 I - a wand of paralysis (21)
 M - a wand of polymorph (51)
 N - a wand of random effects (15)
 V - a wand of flame (80)
Scrolls
 h - 12 scrolls of amnesia
 j - 4 scrolls of identify
 l - 16 scrolls of teleportation
 n - a scroll of enchant armour
 r - 2 scrolls of fear
 s - 22 scrolls of remove curse
 S - 5 scrolls of fog
 U - 3 scrolls of blinking
Potions
 b - 15 potions of flight
 f - 8 potions of brilliance
 g - 18 potions of curing
 k - 11 potions of might
 m - 2 potions of mutation
 t - 4 potions of berserk rage
 u - 11 potions of magic
 z - 10 potions of ambrosia
 A - 9 potions of attraction
 C - a potion of invisibility
 E - 9 potions of haste
 O - 6 potions of resistance
 P - 6 potions of heal wounds
Miscellaneous
 c - a box of beasts
 H - a phantom mirror
 R - a condenser vane


   Skills:
 O Level 27 Fighting
 * Level 25.7 Polearms
 - Level 2.0 Throwing
 - Level 18.0 Armour
 O Level 27 Dodging
 - Level 14.0 Shields
 - Level 8.0 Invocations
 - Level 20.0 Evocations


You had 26 spell levels left.
You didn't know any spells.
Your spell library contained the following spells:

 Spells                   Type           Power        Failure   Level
 Animate Skeleton         Necr           0%           100%        1
 Apportation              Tloc           0%           100%        1
 Beastly Appendage        Tmut           0%           100%        1
 Corona                   Hex            0%           100%        1
 Foxfire                  Conj/Fire      0%           100%        1
 Magic Dart               Conj           0%           100%        1
 Sandblast                Erth           0%           100%        1
 Summon Small Mammal      Summ           0%           100%        1
 Blink                    Tloc           N/A          100%        2
 Call Imp                 Summ           0%           100%        2
 Corpse Rot               Necr/Air       N/A          100%        2
 Ensorcelled Hibernation  Hex/Ice        0%           100%        2
 Passwall                 Tmut/Erth      0%           100%        2
 Searing Ray              Conj           0%           100%        2
 Slow                     Hex            0%           100%        2
 Sublimation of Blood     Necr           0%           100%        2
 Wereblood                Tmut           0%           100%        2
 Confusing Touch          Hex            0%           100%        3
 Conjure Flame            Conj/Fire      0%           100%        3
 Dazzling Flash           Conj/Hex       0%           100%        3
 Gell's Gravitas          Tloc           0%           100%        3
 Inner Flame              Hex/Fire       0%           100%        3
 Lesser Beckoning         Tloc           0%           100%        3
 Mephitic Cloud           Conj/Pois/Air  0%           100%        3
 Spider Form              Tmut/Pois      0%           100%        3
 Stone Arrow              Conj/Erth      0%           100%        3
 Teleport Other           Tloc           0%           100%        3
 Tukima's Dance           Hex            0%           100%        3
 Animate Dead             Necr           0%           100%        4
 Cause Fear               Hex            0%           100%        4
 Dispel Undead            Necr           0%           100%        4
 Fulminant Prism          Conj/Hex       0%           100%        4
 Ice Form                 Ice/Tmut       0%           100%        4
 Iskenderun's Mystic Bla  Conj/Tloc      0%           100%        4
 Passage of Golubria      Tloc           N/A          100%        4
 Petrify                  Tmut/Erth      0%           100%        4
 Sticky Flame             Conj/Fire      0%           100%        4
 Summon Lightning Spire   Summ/Air       0%           100%        4
 Agony                    Necr           0%           100%        5
 Blade Hands              Tmut           0%           100%        5
 Bolt of Magma            Conj/Fire/Erth 0%           100%        5
 Borgnjor's Vile Clutch   Necr/Erth      0%           100%        5
 Excruciating Wounds      Necr           0%           100%        5
 Fireball                 Conj/Fire      0%           100%        5
 Irradiate                Conj/Tmut      0%           100%        5
 Iskenderun's Battlesphe  Conj           0%           100%        5
 Lee's Rapid Deconstruct  Erth           0%           100%        5
 Metabolic Englaciation   Hex/Ice        0%           100%        5
 Silence                  Hex/Air        0%           100%        5
 Summon Forest            Summ/Tloc      0%           100%        5
 Yara's Violent Unravell  Hex/Tmut       0%           100%        5
 Conjure Ball Lightning   Conj/Air       0%           100%        6
 Death Channel            Necr           0%           100%        6
 Eringya's Noxious Bog    Tmut/Pois      0%           100%        6
 Hydra Form               Tmut           0%           100%        6
 Iron Shot                Conj/Erth      0%           100%        6
 Simulacrum               Ice/Necr       0%           100%        6
 Statue Form              Tmut/Erth      0%           100%        6
 Dragon Form              Tmut           0%           100%        7
 Haunt                    Necr/Summ      0%           100%        7
 Orb of Destruction       Conj           0%           100%        7
 Spellforged Servitor     Conj/Summ      0%           100%        7
 Summon Hydra             Summ           0%           100%        7
 Borgnjor's Revivificati  Necr           0%           100%        8
 Discord                  Hex            0%           100%        8
 Infestation              Necr           0%           100%        8
 Necromutation            Tmut/Necr      0%           100%        8
 Death's Door             Necr           0%           100%        9
 Tornado                  Air            0%           100%        9


Dungeon Overview and Level Annotations

Branches:
Dungeon (15/15)            Temple (0/1) D:6            Lair (6/6) D:8
  Swamp (4/4) Lair:4       Spider (4/4) Lair:2        Slime (0/5) Lair:5
    Orc (2/2) D:9             Elf (0/3) Orc:2        Vaults (5/5) D:13
  Crypt (0/3) Vaults:2     Depths (5/5) D:15            Zot (5/5) Depths:5
 Bailey (visited)         Volcano (visited)          WizLab (visited)
Gauntlet (visited)

Altars:
Cheibriados
Kikubaaqudgha
Nemelex Xobeh
Okawaru
Trog
Uskayaw
Xom
Yredelemnul
The Shining One
Beogh
Jiyva

Shops:
D:4 [   D:15 (   Orc:1 [   Orc:2 (**(   Vaults:1 (   Vaults:2 !   Vaults:4 [
Depths:2 [   Depths:5 *:[:

Portals:
Hell: Depths:1 Depths:2 Depths:3 Depths:4 Depths:5
Abyss: Depths:4
Pandemonium: Depths:2 Depths:3 Depths:4
Ziggurat: Depths:3
Trove: D:10 (give +4 demon whip)

Annotations:
D:6 exclusion: 2 doors
D:8 1 runed translucent door
Lair:4 exclusion: 3 oklob plants


Innate Abilities, Weirdness & Mutations

You revert to your normal form in water.
You are very nimble and swift while swimming.
You are very stealthy in the water. (Stealth+)
You are agile. (Dex +2)
Armour fits poorly on your strangely shaped body.
Your magical capacity is low. (-10% MP)
You are very robust. (+20% HP)
You are resistant to electric shocks. (rElec)
You are weak. (Str -2)
You evolve.
Potions are less effective at restoring your health.
You expend magic power (3 MP) to strengthen your wands.


Message History

The blizzard demon is severely wounded.
You are engulfed in freezing vapours.
You resist.
Your shield and gold dragon scales "Loilla" prevent you from hitting the blizzard demon.
The blizzard demon is severely wounded.
You are engulfed in freezing vapours.
You resist.
The blizzard demon is engulfed in freezing vapours.
The blizzard demon waves its arms in wide circles.
The air twists around and strikes you.
You puncture the blizzard demon!
The blizzard demon is almost dead.
You are engulfed in freezing vapours.
You resist.
The blizzard demon is engulfed in freezing vapours.
You block the blizzard demon's attack. x2
You puncture the blizzard demon!
You kill the blizzard demon!
Okawaru accepts your kill.
You are engulfed in freezing vapours.
You resist.
You are engulfed in freezing vapours.
You resist.
There is a staircase leading out of the dungeon here.
You have escaped!

# #.############ #
#..........#.## #
#############....##
#...#.............#
#.........###....##
#.########.#########
#########...#..........#.#
.......##.#.#.##.#####.#.#
...##...#.#.#...@....#.#.#
##.##...#.#.####.###.#.#.#
#.##...#.#..........#...#
##......#.######.#######.###
[..........................#
........######°#.#°#######.#
.###....#....#.#.#.......#.# .#
#....#.##.#.#.#.#####.#.#####
.###....#.#..#.#.#.#...#.#.....#


There were no monsters in sight!

Vanquished Creatures
  7 ancient liches
  Mara (Swamp:3)
  5 orbs of fire (Zot:5)
  A juggernaut (Depths:3)
  Boris (4 times) (Vaults:2 Vaults:3 Depths:2 Vaults:4)
  11 Killer Klowns
  The ghost of Heoriaro the Bludgeoner, a legendary GnFi of Cheibriados (Zot:3)
  Frederick (Depths:5)
  3 curse toes
  5 caustic shrikes
  10 golden dragons
  A Tzitzimitl (Depths:1)
  Arachne (Spider:3)
  An electric golem (Zot:5)
  15 tentacled monstrosities
  3 liches
  Rupert (Lair:6)
  28 Orb Guardians
  The ghost of suomimenusko the Severer, an adept NaFi of Cheibriados (Swamp:3)
  Asterion (Spider:1)
  5 death cobs
  9 quicksilver dragons
  3 tentacled starspawn (Abyss:2)
  7 titans
  2 sphinxes (Depths:2)
  Kirke (Lair:3)
  6 tengu reavers
  An ancient champion (WizLab)
  11 shadow dragons
  Roxanne (Swamp:1)
  16 storm dragons
  8 draconian monks
  12 fire giants
  Aizul (Spider:1)
  2 draconian knights
  4 deep elf sorcerers
  8 frost giants
  14 vault wardens
  4 ghost moths
  An iron dragon (Depths:5)
  A draconian scorcher (Zot:5)
  Louise (D:14)
  6 emperor scorpions
  6 draconian shifters
  An emperor scorpion (shapeshifter) (Depths:5)
  2 orc warlords
  2 deep elf elementalists
  7 draconian annihilators
  13 ironheart preservers
  3 war gargoyles
  6 draconian stormcallers
  22 very ugly things
  26 stone giants
  A reaper (Depths:4)
  2 spriggan defenders
  12 black draconians
  13 green draconians
  2 deep elf demonologists
  A vampire knight (Depths:4)
  11 red draconians
  6 deep elf annihilators
  9 yellow draconians
  6 entropy weavers
  Azrael (Spider:2)
  12 purple draconians
  13 white draconians
  A minotaur (Gauntlet)
  3 spark wasps
  Snorg (Lair:3)
  16 ettins
  A merfolk javelineer (Depths:2)
  3 eleionomae
  A blizzard demon (D:1)
  3 green deaths
  13 yaktaur captains
  4 deep elf high priests
  The ghost of p0werm0de the Cleaver, a journeyman DDFi of Makhleb (Orc:2)
  6 jiangshi
  17 hydras
  8 fire dragons
  3 rakshasas
  Fannar (Lair:1)
  The ghost of inmateoo the Fighter, a journeyman KoTm of Cheibriados (D:12)
  36 vault guards
  12 ice dragons
  A caustic shrike simulacrum (Depths:4)
  11 great orbs of eyes
  A catoblepas (Lair:6)
  Erolcha (Orc:1)
  4 boulder beetles
  3 spriggan air magi
  Erica (Orc:2)
  4 ghost crabs (Swamp:3)
  13 ogre magi
  5 death knights
  41 two-headed ogres
  10 centaur warriors
  4 death yaks (Lair:3)
  6 deep troll shamans
  A spectral draconian (Zot:3)
  A queen ant (Gauntlet)
  8 alligators
  An orc high priest (Orc:1)
  12 tengu warriors
  8 vampire magi
  A thrashing horror (Swamp:4)
  7 deep troll earth magi
  2 spriggan berserkers
  3 deep elf knights
  2 storm dragon zombies
  A shadow wraith (Vaults:2)
  Sonja (D:12)
  2 iron trolls
  A fire crab (shapeshifter) (Vaults:4)
  3 wretched stars
  A spectral white draconian (Zot:3)
  18 deep trolls
  7 unseen horrors
  14 skeletal warriors
  2 spriggan druids
  6 wizards
  2 shadow demons
  3 flayed ghosts
  A storm dragon skeleton (Depths:4)
  11 bog bodies
  3 deep elf archers
  3 glowing orange brains
  4 phantasmal warriors
  7 swamp dragons
  18 ironbrand convokers
  A lindwurm (Lair:6)
  An anaconda skeleton (Volcano)
  A quicksilver dragon simulacrum (Zot:3)
  A tengu zombie (Vaults:1)
  Pikel (D:8)
  12 necromancers
  A sphinx zombie (Vaults:1)
  A golden dragon skeleton (Depths:4)
  2 harpies (shapeshifter) (Depths:2)
  4 harpies (Vaults:2)
  17 orc knights
  37 wolf spiders
  2 mana vipers (shapeshifter)
  5 orange crystal statues
  25 orb spiders
  A tengu skeleton (Vaults:1)
  48 ugly things
  11 deep elf magi
  4 orc sorcerers
  6 cyclopes
  A salamander (shapeshifter) (Depths:1)
  Maurice (Orc:1)
  30 moths of wrath
  A shining eye (Depths:3)
  A rust devil (Depths:2)
  2 black mambas (shapeshifter)
  2 centaur zombies (D:14)
  17 elephants
  17 vault sentinels
  An eye of devastation (shapeshifter) (Vaults:1)
  7 black mambas
  3 molten gargoyles (Lair:6)
  A storm dragon simulacrum (Zot:3)
  2 fire giant skeletons (Vaults:1)
  5 orange demons
  2 smoke demons
  3 gargoyles (Volcano)
  2 torpor snails
  A centaur skeleton (D:14)
  5 rime drakes
  5 human zombies
  A rime drake (shapeshifter) (Depths:3)
  52 yaktaurs
  9 cane toads
  An emperor scorpion zombie (Abyss:2)
  A ghost moth simulacrum (Zot:3)
  A hellwing (Depths:2)
  2 efreet
  9 freezing wraiths
  15 komodo dragons
  6 tengu conjurers
  2 red devils
  15 demonic crawlers
  2 golden dragon simulacra
  A queen bee (shapeshifter) (Depths:3)
  8 trolls
  2 jumping spiders (shapeshifter)
  A polar bear (Lair:6)
  A merfolk (shapeshifter) (Vaults:4)
  A spectral moth of wrath (Zot:3)
  6 meliai
  A polar bear (shapeshifter) (Depths:5)
  40 jumping spiders
  6 tyrant leeches
  A bloated husk (Swamp:2)
  Grinder (D:6)
  A tyrant leech (shapeshifter) (Depths:4)
  A harpy skeleton (Volcano)
  A draconian simulacrum (Zot:3)
  25 hornets
  34 blink frogs
  32 slime creatures
  A blink frog (shapeshifter) (Depths:5)
  A fire giant simulacrum (Vaults:2)
  8 small abominations
  4 dream sheep (Lair:6)
  Sigmund (D:6)
  9 spriggans
  A spriggan (shapeshifter) (Vaults:4)
  2 flying skulls (Volcano)
  46 tarantellas
  55 redbacks
  4 shadows
  4 starcursed masses (Abyss:2)
  A centaur simulacrum (D:14)
  A ynoxinul (Abyss:2)
  An alligator skeleton (Volcano)
  31 yaks
  9 large abominations
  4 hogs
  6 wraiths
  4 vampires (WizLab)
  9 basilisks
  A yak (shapeshifter) (Depths:4)
  8 wyverns
  2 fire elementals (Spider:2)
  A neqoxec (Gauntlet)
  2 steam dragons (Lair:6)
  A steam dragon (shapeshifter) (Vaults:4)
  A human (Vaults:3)
  6 vampire mosquitoes
  A black draconian simulacrum (Zot:3)
  3 chaos spawn (Depths:4)
  3 human simulacra
  4 ogre zombies
  Menkaure (D:6)
  A red draconian simulacrum (Zot:3)
  16 swamp worms
  6 two-headed ogre zombies (WizLab)
  A deep troll zombie (Vaults:4)
  11 wargs
  A swamp worm (shapeshifter) (Vaults:4)
  3 acid dragons
  15 water moccasins
  A water moccasin (shapeshifter) (Depths:4)
  Duvessa (D:7)
  A floating eye (Depths:3)
  7 soldier ants
  8 hell hounds
  A deep troll skeleton (Vaults:4)
  64 orc warriors
  3 moth of wrath simulacra (Zot:3)
  3 phantoms
  9 sky beasts
  6 ice beasts
  2 elf skeletons
  2 boulder beetle simulacra (Vaults:1)
  3 black bears
  3 necrophages
  2 orc zombies (Vaults:1)
  2 elf zombies
  28 wolves
  2 hornet zombies
  22 boggarts
  An ogre (shapeshifter) (Vaults:4)
  42 ogres
  19 centaurs
  4 human skeletons
  A lemure (D:8)
  2 big kobolds (D:10)
  22 bullfrogs
  A wyvern zombie (D:13)
  Dowan (D:7)
  2 gnoll sergeants
  An ogre simulacrum (Vaults:1)
  A wyvern skeleton (D:14)
  8 troll zombies (WizLab)
  5 scorpions
  23 killer bees
  21 wights
  2 spriggan skeletons (Volcano)
  2 electric eels
  3 bullfrog zombies
  5 lava snakes (Lair:6)
  4 bullfrog skeletons
  9 hounds
  An iron imp (Depths:1)
  A jelly (D:11)
  22 orc priests
  5 iguanas
  28 orc wizards
  18 hell rats
  16 worker ants
  A killer bee zombie (D:7)
  A hound skeleton (D:5)
  3 worker ant zombies
  Robin (D:4)
  8 gnolls
  17 adders
  4 shadow imps
  2 white imps
  An ooze (D:3)
  3 ufetubi
  3 adder zombies
  3 worms
  4 dart slugs
  6 leopard geckos
  143 orcs
  11 bats
  10 giant cockroaches
  22 goblins
  11 hobgoblins
  3 jackals (D:6)
  37 kobolds
  5 quokkas
  3 ball pythons
  8 frilled lizards
  A quokka skeleton (D:5)
  A quokka zombie (D:6)
  3 rats
  2 crawling corpses
2408 creatures vanquished.

Vanquished Creatures (collateral kills)
  A caustic shrike (Depths:5)
  2 fire dragons (Depths:5)
  A spriggan (Depths:3)
  A shining eye (Depths:3)
  A tengu conjurer (Depths:5)
  A hornet (Depths:3)
  A blink frog (Lair:1)
8 creatures vanquished.

Vanquished Creatures (others)
  A jiangshi (Depths:5)
  A necromancer (Depths:1)
  A yaktaur (Vaults:5)
  2 bloated husks (Swamp:2)
  A flying skull (Volcano)
  A redback (Spider:1)
  A boggart (Depths:2)
  A jelly (D:14)
  An orc priest (D:9)
  An orc (Vaults:3)
  3 demonic plants (Gauntlet)
  43 fungi
  73 plants
  5 starspawn tentacles (Abyss:2)
135 creatures vanquished.

Grand Total: 2551 creatures vanquished

Notes
Turn   | Place    | Note
-------+----------+-------------------------------------------
     0 | D:1      | inmateoo the Merfolk Gladiator began the quest for the Orb.
     0 | D:1      | Reached XP level 1. HP: 16/16 MP: 1/1
   383 | D:1      | Reached XP level 2. HP: 23/23 MP: 2/2
   659 | D:1      | Reached XP level 3. HP: 26/28 MP: 3/3
  1203 | D:2      | Reached skill level 5 in Polearms
  1345 | D:2      | Reached skill level 1 in Armour
  1374 | D:2      | Found a bloodstained altar of Trog.
  1405 | D:2      | Reached XP level 4. HP: 34/35 MP: 4/4
  1772 | D:2      | Found a hide-covered altar of Uskayaw.
  1772 | D:2      | Found a sparkling altar of Nemelex Xobeh.
  1772 | D:2      | Found a shimmering altar of Xom.
  2241 | D:3      | Reached skill level 5 in Dodging
  2498 | D:3      | Reached XP level 5. HP: 41/41 MP: 5/5
  2800 | D:4      | Noticed Robin
  3204 | D:4      | Killed Robin
  3893 | D:4      | Reached XP level 6. HP: 47/48 MP: 6/6
  4037 | D:4      | Found Tueq's Antique Armour Shoppe.
  4040 | D:4      | Bought a runed chain mail for 157 gold pieces
  4391 | D:5      | Entered Level 5 of the Dungeon
  4391 | D:5      | Noticed a necrophage
  4408 | D:4      | Killed a necrophage
  4409 | D:4      | Reached XP level 7. HP: 52/55 MP: 7/7
  4607 | D:4      | Reached skill level 5 in Fighting
  4779 | D:5      | Reached XP level 8. HP: 40/63 MP: 8/8
  5466 | D:6      | Noticed Menkaure
  5625 | D:6      | Killed Menkaure
  5794 | D:6      | Noticed Sigmund
  6124 | D:6      | Killed Sigmund
  6225 | D:6      | Reached XP level 9. HP: 59/72 MP: 9/9
  6256 | D:6      | Reached skill level 10 in Polearms
  6344 | D:6      | Noticed Grinder
  6355 | D:6      | Killed Grinder
  7116 | D:6      | Found a staircase to the Ecumenical Temple.
  7181 | D:6      | Found an ancient bone altar of Kikubaaqudgha.
  7181 | D:6      | Found an iron altar of Okawaru.
  7187 | D:6      | Became a worshipper of Warmaster Okawaru
  7288 | D:7      | Noticed Duvessa
  7289 | D:7      | Noticed Dowan
  7329 | D:7      | Killed Duvessa
  7332 | D:7      | Killed Dowan
  7333 | D:7      | Reached skill level 10 in Dodging
  7333 | D:7      | Reached skill level 1 in Invocations
  7536 | D:7      | Reached * piety under Okawaru
  8436 | D:7      | Found a glowing golden altar of the Shining One.
  8676 | D:8      | Reached XP level 10. HP: 81/82 MP: 12/12
  8948 | D:8      | Found the +9 staff of Olgreb {rPois∞}
  8964 | D:8      | Found a runed translucent door.
  8969 | D:8      | Found a runed translucent gate.
  8969 | D:8      | Found a runed translucent gate.
  8970 | D:8      | Found a runed translucent door.
  8981 | D:8      | Found a runed translucent gate.
  9062 | D:8      | Found Pyetanwu's Book Shop.
  9077 | D:8      | Noticed Pikel
  9125 | D:8      | Killed Pikel
  9125 | D:8      | Reached ** piety under Okawaru
  9367 | D:8      | Got a scorched plate armour
  9378 | D:8      | Identified the cursed +0 plate armour of Terror {Dex+4}
                  | (You found it on level 8 of the Dungeon)
  9484 | D:8      | Got an ancient glaive
  9485 | D:8      | Identified the cursed +0 glaive of Ancient Evil {vorpal,
                  | Fragile Will+ Str+3 Int+2} (You found it on level 8 of the
                  | Dungeon)
  9574 | D:8      | Found a staircase to the Lair.
  9672 | D:8      | Reached skill level 5 in Invocations
  9930 | D:8      | Reached *** piety under Okawaru
 10172 | D:9      | Reached skill level 10 in Fighting
 10359 | D:9      | Found a staircase to the Orcish Mines.
 11161 | D:10     | Entered Level 10 of the Dungeon
 11184 | D:10     | Received a gift from Okawaru
 11190 | D:10     | Reached XP level 11. HP: 85/90 MP: 16/16
 11224 | D:10     | Found a flagged portal.
 11472 | Bailey   | Entered a bailey
 11965 | D:10     | Noticed a two-headed ogre
 11976 | D:10     | Killed a two-headed ogre
 11976 | D:10     | Reached **** piety under Okawaru
 12279 | D:10     | Found a portal to a secret trove of treasure.
 12552 | D:11     | Reached skill level 15 in Polearms
 12562 | D:11     | Noticed a boulder beetle
 12655 | D:10     | Killed a boulder beetle
 12655 | D:10     | Received a gift from Okawaru
 12972 | D:11     | Reached ***** piety under Okawaru
 13143 | D:11     | Noticed a cyclops
 13319 | D:11     | Killed a cyclops
 13506 | D:11     | Noticed a white ugly thing
 13577 | D:11     | Noticed a two-headed ogre
 13602 | D:11     | Killed a two-headed ogre
 13899 | D:11     | Received a gift from Okawaru
 14233 | D:11     | Killed a white ugly thing
 14234 | D:11     | Reached XP level 12. HP: 97/97 MP: 18/18
 14728 | D:12     | Found a basalt altar of Yredelemnul.
 14728 | D:12     | Noticed a four-headed hydra
 14752 | D:12     | Killed a four-headed hydra
 14753 | D:12     | Reached skill level 1 in Evocations
 15120 | D:12     | Noticed a tengu warrior
 15140 | D:12     | Killed a tengu warrior
 15140 | D:12     | Received a gift from Okawaru
 15141 | D:12     | Found the +2 hood of the Assassin {Detection Stab+ Stlth++}
 15313 | D:12     | Noticed a tengu warrior
 15314 | D:12     | Found a runed translucent gate.
 15314 | D:12     | Noticed a centaur warrior
 15314 | D:12     | Noticed inmateoo's ghost (journeyman KoTm)
 15315 | D:12     | Found a runed translucent gate.
 15315 | D:12     | Found a runed translucent gate.
 15316 | D:12     | Found an iron altar of Okawaru.
 15418 | D:12     | Noticed Sonja
 15430 | D:12     | Killed Sonja
 15930 | D:12     | Killed a centaur warrior
 15946 | D:12     | Killed inmateoo's ghost
 16493 | D:10     | Killed a tengu warrior
 17652 | D:13     | Noticed an eight-headed hydra
 17661 | D:13     | Killed an eight-headed hydra
 17939 | D:13     | Reached XP level 13. HP: 105/105 MP: 19/19
 18365 | D:13     | Received a gift from Okawaru
 19098 | D:13     | Reached skill level 5 in Evocations
 19237 | D:13     | Reached ****** piety under Okawaru
 19415 | D:13     | Found a gate to the Vaults.
 19653 | D:14     | Found a gate leading to a gauntlet.
 19769 | Gauntlet | Entered a Gauntlet
 19769 | Gauntlet | Found a transporter.
 19769 | Gauntlet | Found a transporter.
 19775 | Gauntlet | Found a transporter.
 19790 | Gauntlet | Found a transporter.
 19805 | Gauntlet | Found a transporter.
 19805 | Gauntlet | Found a transporter.
 19805 | Gauntlet | Found a transporter.
 19807 | Gauntlet | Found a transporter.
 19807 | Gauntlet | Found a transporter.
 19818 | Gauntlet | Found a transporter.
 19834 | Gauntlet | Found a transporter.
 19844 | Gauntlet | Found a transporter.
 19858 | Gauntlet | Found a transporter.
 19878 | Gauntlet | Found a transporter.
 20614 | Gauntlet | Reached skill level 5 in Armour
 20624 | Gauntlet | Got a fine marble ring
 20627 | Gauntlet | Identified the cursed ring "Imonnom" {rElec AC-4 Str+4 SInv
                  | Stlth+} (You found it in a Gauntlet)
 20661 | Gauntlet | Identified the +8 war axe "Viqicw" {pain, Stlth+}
 20661 | Gauntlet | Noticed a minotaur
 20668 | Gauntlet | Killed a minotaur
 20968 | D:14     | Received a gift from Okawaru
 21002 | D:14     | Got a polished bardiche {god gift}
 21233 | D:14     | Identified the +7 bardiche "Gram" {vorpal, Int+4} (Okawaru
                  | gifted it to you on level 14 of the Dungeon)
 21315 | D:14     | Noticed Louise
 21319 | D:14     | Cast into level 2 of the Abyss (Louise)
 21341 | Abyss:2  | Noticed a tentacled starspawn
 21351 | Abyss:2  | Killed a tentacled starspawn
 21472 | Abyss:2  | Reached XP level 14. HP: 92/92 MP: 20/20
 21634 | Abyss:2  | Found a corrupted altar of Lugonu.
 21634 | Abyss:2  | Noticed a starcursed mass
 21685 | Abyss:2  | Found a corrupted altar of Lugonu.
 21695 | Abyss:2  | Noticed a tentacled starspawn
 21709 | Abyss:2  | Noticed a tentacled starspawn
 21731 | Abyss:2  | Killed a tentacled starspawn
 21739 | Abyss:2  | Noticed a tentacled starspawn
 21748 | Abyss:2  | Killed a tentacled starspawn
 21752 | D:14     | Escaped the Abyss
 22075 | D:14     | Received a gift from Okawaru
 22076 | D:14     | Got a faintly glowing glaive {god gift}
 22079 | D:13     | Identified the +7 glaive of Balance {holy, *Drain Str-3
                  | Int+9 SInv} (Okawaru gifted it to you on level 14 of the
                  | Dungeon)
 22381 | Lair:1   | Entered Level 1 of the Lair of Beasts
 22414 | Lair:1   | Noticed Fannar
 22423 | Lair:1   | Killed Fannar
 22956 | Lair:1   | Found a dark tunnel.
 22970 | Volcano  | Entered a volcano
 23185 | Volcano  | Received a gift from Okawaru
 23788 | Lair:2   | Received a gift from Okawaru
 23791 | Lair:2   | Got a pair of masterwork boots {god gift}
 23802 | Lair:2   | Identified the -1 pair of boots of the Hanged Man {-Tele
                  | Will++ Str+4 Stlth+} (Okawaru gifted it to you on level 2
                  | of the Lair of Beasts)
 23860 | Lair:2   | Found a hole to the Spider Nest.
 24757 | Lair:3   | Noticed Snorg
 24771 | Lair:3   | Killed Snorg
 25009 | Lair:3   | Reached XP level 15. HP: 108/125 MP: 21/21
 25522 | Lair:4   | Noticed Nessos
 25533 | Lair:4   | Noticed Nessos
 25533 | Lair:4   | Nessos changed into Nessos the swamp dragon
 25917 | Lair:4   | Killed Nessos the swamp dragon
 26337 | Lair:4   | Received a gift from Okawaru
 26340 | Lair:4   | Got an iridescent demon trident {god gift}
 26354 | Lair:4   | Identified the +3 demon trident of Expedience {drain, +Inv
                  | rElec Int+3} (Okawaru gifted it to you on level 4 of the
                  | Lair of Beasts)
 26977 | Lair:4   | Noticed Kirke
 27388 | Lair:4   | Found a staircase to the Swamp.
 27770 | Lair:3   | Killed Kirke
 28052 | Lair:5   | Received a gift from Okawaru
 28137 | Lair:5   | Reached skill level 15 in Fighting
 28230 | Lair:5   | Found a staircase to the Slime Pits.
 28231 | Lair:5   | Found a viscous altar of Jiyva.
 28236 | Lair:5   | You fall into a shaft and drop 1 floor!
 28236 | Lair:6   | Entered Level 6 of the Lair of Beasts
 28737 | Lair:6   | Noticed Rupert
 29002 | Lair:6   | Killed Rupert
 29003 | Lair:6   | Reached skill level 15 in Dodging
 29099 | Lair:6   | Reached XP level 16. HP: 126/136 MP: 22/22
 29434 | Lair:6   | Received a gift from Okawaru
 29589 | Lair:6   | Found a large runed translucent door.
 29589 | Lair:6   | Found a large runed translucent door.
 30217 | D:14     | Killed Louise
 30412 | D:14     | Reached skill level 10 in Evocations
 31042 | D:15     | Entered Level 15 of the Dungeon
 31400 | D:15     | Found Kujept's Weapon Shop.
 31787 | D:15     | Received a gift from Okawaru
 31972 | D:15     | Found a sparkling altar of Nemelex Xobeh.
 32188 | D:15     | Found a staircase to the Depths.
 32412 | Orc:1    | Entered Level 1 of the Orcish Mines
 32939 | Orc:1    | Noticed Erica
 32955 | Orc:2    | Entered Level 2 of the Orcish Mines
 32957 | Orc:2    | Noticed Maurice
 32959 | Orc:2    | Killed Erica
 33245 | Orc:1    | Noticed Erolcha
 33251 | Orc:1    | Killed Erolcha
 33419 | Orc:1    | Found Gionotym's Armour Shop.
 33609 | Orc:1    | Found a roughly hewn altar of Beogh.
 33676 | Orc:1    | Killed Maurice
 34020 | Orc:2    | Found a transporter.
 34047 | Orc:2    | Noticed p0werm0de's ghost (journeyman DDFi)
 34138 | Orc:2    | Found a staircase to the Elven Halls.
 34191 | Orc:2    | Found a transporter.
 34245 | Orc:2    | Received a gift from Okawaru
 34358 | Orc:2    | Found Buhoh's Assorted Antiques.
 34358 | Orc:2    | Found Bogunt's Weapon Emporium.
 34363 | Orc:2    | Bought a scroll labelled CAZIRGH AJOUN for 28 gold pieces
 34363 | Orc:2    | Bought a potion of might for 112 gold pieces
 34798 | Orc:2    | Found Xipsaink's General Store.
 34798 | Orc:2    | Found Edoasku's Weapon Shop.
 34814 | Orc:2    | Bought the +6 chain mail of Fortitude {rF+ Will+} for 811
                  | gold pieces
 34929 | Orc:2    | Found a runed translucent door.
 34940 | Orc:2    | Found the +10 tower shield of Ignorance {rN+ Int-4}
 34945 | Orc:2    | Found a runed translucent door.
 35027 | Orc:2    | Found a roughly hewn altar of Beogh.
 35096 | Orc:2    | Killed p0werm0de's ghost
 35097 | Orc:2    | Reached XP level 17. HP: 120/147 MP: 18/23
 35359 | Spider:1 | Entered Level 1 of the Spider Nest
 35359 | Spider:1 | Noticed Asterion
 36784 | Lair:2   | Received a gift from Okawaru
 36785 | Lair:2   | Got an ichor-stained glaive {god gift}
 36795 | Lair:2   | Identified the +9 glaive "Uwkip" {antimagic, rPois rF+
                  | rN+++ Int-4} (Okawaru gifted it to you on level 2 of the
                  | Lair of Beasts)
 37783 | Spider:1 | Killed Asterion
 38160 | Spider:1 | Reached skill level 10 in Armour
 38423 | Spider:2 | Noticed Aizul
 38467 | Spider:1 | Killed Aizul
 39134 | Spider:2 | Identified the +0 pair of gloves of the Gate {Int+3} (You
                  | found it on level 2 of the Spider Nest)
 39456 | Spider:2 | Got a fine chain mail
 39469 | Spider:2 | Identified the +4 chain mail of Makhleb's Indignation
                  | {*Corrode Int+6 SInv} (You found it on level 2 of the
                  | Spider Nest)
 39636 | Spider:2 | Noticed Azrael
 39664 | Spider:2 | Killed Azrael
 39908 | Spider:2 | Received a gift from Okawaru
 39925 | Spider:2 | Got a shimmering glaive {god gift}
 40384 | Spider:2 | Reached skill level 1 in Shields
 40860 | Spider:3 | Got a translucent plate armour
 40871 | Spider:3 | Identified the cursed +1 plate armour "Zitoha" {Int+2} (You
                  | found it on level 3 of the Spider Nest)
 41164 | Spider:4 | Entered Level 4 of the Spider Nest
 41181 | Spider:4 | Noticed Arachne
 42123 | Spider:3 | Received a gift from Okawaru
 42129 | Spider:3 | Reached XP level 18. HP: 64/160 MP: 13/24
 42138 | Spider:3 | Got a fine plate armour {god gift}
 42150 | Spider:3 | Identified the +0 plate armour "Wueb" {rC++ rCorr MP-9
                  | SInv} (Okawaru gifted it to you on level 3 of the Spider
                  | Nest)
 42505 | Spider:3 | Killed Arachne
 45505 | Spider:4 | Got a gossamer rune of Zot
 45818 | Swamp:1  | Entered Level 1 of the Swamp
 45824 | Swamp:1  | Reached skill level 5 in Shields
 45839 | Swamp:1  | Identified Roxanne's Incunabulum of Stones
 45839 | Swamp:1  | Noticed Roxanne
 45958 | Swamp:1  | Received a gift from Okawaru
 46250 | Swamp:1  | Killed Roxanne
 47437 | Swamp:3  | Found a runed translucent door.
 47507 | Swamp:3  | Noticed Mara
 47510 | Swamp:3  | Received a gift from Okawaru
 47520 | Swamp:3  | Noticed inmateoo's illusion
 47715 | Swamp:3  | Noticed inmateoo's illusion
 47730 | Swamp:3  | Killed Mara
 47737 | Swamp:3  | Identified the +0 trident of Conscience {freeze, Dex+3}
                  | (Okawaru gifted it to you on level 3 of the Swamp)
 47830 | Swamp:3  | Noticed suomimenusko's ghost (adept NaFi)
 47909 | Swamp:3  | Killed suomimenusko's ghost
 48028 | Swamp:4  | Entered Level 4 of the Swamp
 48039 | Swamp:4  | Reached XP level 19. HP: 167/167 MP: 25/25
 48681 | Swamp:4  | Received a gift from Okawaru
 48682 | Swamp:4  | Got an ichor-stained cloak {god gift}
 48687 | Swamp:4  | Identified the +2 cloak of the Trout {Will+} (Okawaru
                  | gifted it to you on level 4 of the Swamp)
 49468 | Swamp:4  | Noticed a tentacled monstrosity
 49486 | Swamp:4  | Killed a tentacled monstrosity
 49522 | Swamp:4  | Got a decaying rune of Zot
 50090 | Vaults:1 | Entered Level 1 of the Vaults
 51059 | Vaults:1 | Received a gift from Okawaru
 51341 | Vaults:1 | Found Doib's Antique Weapon Boutique.
 52163 | Vaults:1 | Reached XP level 20. HP: 164/176 MP: 24/26
 52380 | Vaults:1 | Received a gift from Okawaru
 54174 | Vaults:2 | Received a gift from Okawaru
 54481 | Vaults:2 | Found a staircase to the Crypt.
 54481 | Vaults:2 | Found an ancient bone altar of Kikubaaqudgha.
 54482 | Vaults:2 | Found a basalt altar of Yredelemnul.
 54797 | Vaults:2 | Found Wuit's Distillery.
 54807 | Vaults:2 | Bought a potion of haste for 150 gold pieces
 54807 | Vaults:2 | Bought a potion of haste for 150 gold pieces
 54807 | Vaults:2 | Bought a potion of haste for 150 gold pieces
 54807 | Vaults:2 | Bought a potion of curing for 45 gold pieces
 54807 | Vaults:2 | Bought a potion of heal wounds for 75 gold pieces
 54807 | Vaults:2 | Bought a potion of invisibility for 120 gold pieces
 55117 | Vaults:2 | Noticed Boris
 55141 | Vaults:2 | Killed Boris
 56165 | Vaults:3 | Reached XP level 21. HP: 140/178 MP: 19/27
 56179 | Vaults:3 | Received a gift from Okawaru
 56428 | Vaults:3 | Reached skill level 10 in Shields
 56525 | Vaults:3 | Noticed Boris
 57415 | Vaults:3 | Killed Boris
 57866 | Vaults:3 | Received a gift from Okawaru
 57885 | Vaults:3 | Got fine gold dragon scales {god gift}
 57898 | Vaults:3 | Identified the +11 gold dragon scales "Loilla" {rPois rF+
                  | rC+ Dex+3} (Okawaru gifted it to you on level 3 of the
                  | Vaults)
 59331 | Vaults:4 | Identified the +5 chain mail of Fortitude {rPois}
 59450 | Vaults:4 | Found Dink's Antique Armour Shop.
 59689 | Vaults:4 | Identified a scroll of acquirement
 59689 | Vaults:4 | Acquired 1053 gold pieces
 59930 | Depths:1 | Entered Level 1 of the Depths
 60078 | Depths:1 | Received a gift from Okawaru
 60612 | Depths:1 | Reached XP level 22. HP: 189/190 MP: 28/28
 60812 | Depths:1 | Received a gift from Okawaru
 61046 | Depths:1 | Received a gift from Okawaru
 61631 | Depths:1 | Reached skill level 15 in Armour
 61869 | Depths:1 | Found a gateway to Hell.
 62180 | Depths:2 | Noticed Boris
 62674 | Depths:2 | Killed Boris
 62675 | Depths:2 | Reached skill level 15 in Evocations
 64283 | Depths:2 | Received a gift from Okawaru
 64371 | Depths:2 | Noticed a golden dragon
 64388 | Depths:2 | Killed a golden dragon
 64407 | Depths:2 | Noticed a caustic shrike
 64439 | Depths:2 | Killed a caustic shrike
 64682 | Depths:2 | Identified the cursed +1 crystal plate armour of the
                  | Hundredfold People {Harm} (You found it on level 2 of the
                  | Depths)
 64988 | Depths:2 | Reached XP level 23. HP: 136/198 MP: 22/29
 65171 | Depths:2 | Found Jete's Antique Armour Shoppe.
 65181 | Depths:2 | Received a gift from Okawaru
 65285 | Depths:2 | Found a one-way gate leading to the halls of Pandemonium.
 65596 | Depths:3 | Found a magical portal.
 65606 | WizLab   | Entered Zonguldrok's Shrine
 65982 | WizLab   | Noticed an antique lich
 65985 | WizLab   | Found the +9 sword of Zonguldrok {reap}
 65995 | WizLab   | Killed an antique lich
 66132 | Depths:3 | Paralysed by a great orb of eyes for 6 turns
 66662 | Depths:3 | Found a gateway to a ziggurat.
 66714 | Depths:3 | Received a gift from Okawaru
 66715 | Depths:3 | Noticed an ancient lich
 66721 | Depths:3 | Noticed an ancient lich
 66746 | Depths:3 | Killed an ancient lich
 66763 | Depths:3 | Killed an ancient lich
 66779 | Depths:3 | Found the +6 Majin-Bo {vamp, MP+6 Int+6}
 67707 | Depths:4 | Noticed a juggernaut
 67807 | Depths:3 | Killed a juggernaut
 68158 | Depths:4 | Paralysed by a floating eye for 4 turns
 68167 | Depths:3 | Paralysed by a floating eye for 4 turns
 68176 | Depths:3 | Paralysed by a floating eye for 4 turns
 68784 | Depths:4 | Found the ring of the Octopus King
 68792 | Depths:4 | Got a ring of the Octopus King
 68989 | Depths:4 | Reached XP level 24. HP: 98/208 MP: 27/29
 70095 | Orc:2    | Received a gift from Okawaru
 70667 | Depths:4 | Found a one-way gate to the infinite horrors of the Abyss.
 70694 | Depths:4 | You fall into a shaft and drop 1 floor!
 70694 | Depths:5 | Entered Level 5 of the Depths
 70731 | Depths:5 | Noticed a caustic shrike
 70741 | Depths:5 | Killed a caustic shrike
 70766 | Depths:5 | Noticed a caustic shrike
 70786 | Depths:5 | Killed a caustic shrike
 71126 | Depths:5 | Noticed a caustic shrike
 71156 | Depths:5 | Noticed a caustic shrike
 71163 | Depths:5 | Noticed Frederick
 71521 | Depths:4 | Noticed a caustic shrike
 71549 | Depths:4 | Killed a caustic shrike
 71836 | Depths:4 | Identified the +7 spear of Inference {protect, rF+ Will+
                  | Str+3 Dex-5}
 72415 | Depths:5 | Found a gate to the Realm of Zot.
 72473 | Depths:5 | Killed a caustic shrike
 72489 | Depths:5 | Killed a caustic shrike
 72516 | Depths:5 | Killed Frederick
 72528 | Depths:5 | Found Afopoepn's Armour Emporium.
 72528 | Depths:5 | Found Fats's Book Shoppe.
 72529 | Depths:5 | Found Posifus's Book Emporium.
 72533 | Depths:5 | Found Fenaofug's Assorted Antiques.
 72536 | Depths:5 | Bought a +0 pair of boots of running for 535 gold pieces
 72550 | Depths:5 | Bought a scroll of fear for 164 gold pieces
 72553 | Depths:5 | Bought a manual of Dodging for 1545 gold pieces
 72605 | Depths:5 | Received a gift from Okawaru
 72606 | Depths:5 | Found the +3 pair of gauntlets of War {Slay+5}
 73255 | Vaults:5 | Entered Level 5 of the Vaults
 73734 | Vaults:4 | Reached XP level 25. HP: 83/215 MP: 11/29
 74769 | Vaults:4 | Received a gift from Okawaru
 74775 | Vaults:4 | Identified a ring of the Octopus King {rC+ AC+1 EV+1 Str+1
                  | Int+1 Dex+1} (You found it on level 4 of the Depths)
 74781 | Vaults:4 | Identified the +3 crystal plate armour of Mutualism
                  | {Rampage +Fly Str+3} (Okawaru gifted it to you on level 4
                  | of the Vaults)
 75195 | Vaults:5 | Noticed Boris
 75206 | Vaults:4 | Gained mutation: Your magical capacity is low. (-10% MP) [a
                  | shining eye]
 75209 | Vaults:4 | Lost mutation: Your magical capacity is low. (-10% MP)
                  | [potion of mutation]
 75209 | Vaults:4 | Gained mutation: Scrolls take you a little longer to read.
                  | [potion of mutation]
 75209 | Vaults:4 | Gained mutation: You are partially covered in icy blue
                  | scales. (AC +2) [potion of mutation]
 75209 | Vaults:4 | Gained mutation: You are resistant to electric shocks.
                  | (rElec) [potion of mutation]
 75209 | Vaults:4 | Gained mutation: You are partially covered in molten
                  | scales. (AC +2) [potion of mutation]
 75210 | Vaults:4 | Lost mutation: You are partially covered in molten scales.
                  | (AC +2) [potion of mutation]
 75210 | Vaults:4 | Lost mutation: Scrolls take you a little longer to read.
                  | [potion of mutation]
 75210 | Vaults:4 | Gained mutation: Scrolls take you a little longer to read.
                  | [potion of mutation]
 75210 | Vaults:4 | Lost mutation: Scrolls take you a little longer to read.
                  | [potion of mutation]
 75210 | Vaults:4 | Gained mutation: You expend magic power (3 MP) to
                  | strengthen your wands. [potion of mutation]
 76190 | Vaults:4 | Killed Boris
 77426 | Vaults:5 | Received a gift from Okawaru
 77954 | Vaults:5 | Got a silver rune of Zot
 78569 | Zot:1    | Entered Level 1 of the Realm of Zot
 78622 | Zot:1    | Received a gift from Okawaru
 78628 | Zot:1    | Reached XP level 26. HP: 176/224 MP: 26/29
 79316 | Zot:1    | Received a gift from Okawaru
 81025 | Zot:2    | Found a snail-covered altar of Cheibriados.
 81195 | Zot:2    | Noticed a Killer Klown
 81279 | Zot:2    | Killed a Killer Klown
 81626 | Zot:2    | Reached skill level 27 in Dodging
 81945 | Zot:2    | Received a gift from Okawaru
 82204 | Zot:3    | Reached XP level 27. HP: 208/233 MP: 22/29
 82278 | Zot:3    | Found a runed translucent gate.
 82279 | Zot:3    | Found a runed translucent gate.
 82279 | Zot:3    | Found a runed translucent gate.
 82281 | Zot:3    | Noticed an ancient lich
 82281 | Zot:3    | Noticed Heoriaro's ghost (legendary GnFi)
 82615 | Zot:3    | Received a gift from Okawaru
 82654 | Zot:3    | Identified the +0 plate armour of Life {Dex+4} (Okawaru
                  | gifted it to you on level 3 of the Realm of Zot)
 82861 | Zot:3    | Killed an ancient lich
 82971 | Zot:3    | Killed Heoriaro's ghost
 84075 | Zot:5    | Entered Level 5 of the Realm of Zot
 84105 | Zot:5    | Gained mutation: Potions are less effective at restoring
                  | your health. [mutagenic glow]
 84119 | Zot:5    | Gained mutation: Your body sometimes deteriorates upon
                  | taking damage. [mutagenic glow]
 84127 | Zot:4    | Gained mutation: Armour fits poorly on your strangely
                  | shaped body. [mutagenic glow]
 84182 | Zot:4    | Lost mutation: You are partially covered in icy blue
                  | scales. (AC +2) [potion of mutation]
 84182 | Zot:4    | Lost mutation: Your body sometimes deteriorates upon taking
                  | damage. [potion of mutation]
 84182 | Zot:4    | Gained mutation: You evolve. [potion of mutation]
 84182 | Zot:4    | Gained mutation: You are robust. (+10% HP) [potion of
                  | mutation]
 84182 | Zot:4    | Gained mutation: You are agile. (Dex +2) [potion of
                  | mutation]
 84797 | Zot:5    | Noticed an ancient lich
 84800 | Zot:5    | Noticed an orb of fire
 84800 | Zot:5    | Noticed an orb of fire
 84804 | Zot:5    | Noticed an orb of fire
 84804 | Zot:5    | Noticed an orb of fire
 84804 | Zot:5    | Noticed an orb of fire
 84820 | Zot:5    | Killed an ancient lich
 84821 | Zot:5    | Gained mutation: Your magical capacity is low. (-10% MP)
                  | [an orb of fire]
 84824 | Zot:5    | Received a gift from Okawaru
 84826 | Zot:5    | Killed an orb of fire
 84827 | Zot:5    | Killed an orb of fire
 84828 | Zot:5    | Killed an orb of fire
 84830 | Zot:5    | Killed an orb of fire
 84830 | Zot:5    | Gained mutation: You are weak. (Str -2) [an orb of fire]
 84832 | Zot:5    | Killed an orb of fire
 84833 | Zot:5    | Received a gift from Okawaru
 84833 | Zot:5    | Noticed an ancient lich
 84834 | Zot:5    | Noticed an ancient lich
 84848 | Zot:5    | Killed an ancient lich
 84858 | Zot:5    | Killed an ancient lich
 84870 | Zot:5    | Received a gift from Okawaru
 84980 | Zot:5    | Gained mutation: You are very robust. (+20% HP) [evolution]
 85112 | Zot:5    | Identified the +6 demon trident of Magnificence {pain,
                  | +Blink rC- Str+7 SInv} (Okawaru gifted it to you on level 5
                  | of the Realm of Zot)
 85113 | Zot:5    | Identified the +9 plate armour of Exclusion {rPois rF+
                  | Stlth+} (Okawaru gifted it to you on level 5 of the Realm
                  | of Zot)
 85228 | Zot:5    | Paralysed by a Zot trap for 3 turns
 85850 | Zot:5    | Reached skill level 27 in Fighting
 85988 | Zot:5    | Got the Orb of Zot
 86118 | Zot:2    | Received a gift from Okawaru
 86320 | Depths:1 | Noticed Vobbenan the pandemonium lord
 86621 | D:$      | Escaped with the Orb!

Illustrated notes

Levels and vault maps discovered:
D:1:      matt_arrival_spirals, layout_loops_ring
D:2:      layout_loops_corners, minitemple, trog_hazing_becter
D:3:      layout_rooms
D:4:      minmay_chambers_of_threes, layout_cave_pods, serial_shops,
          nicolae_shop_behind_doors, uniq_robin
D:5:      layout_rooms
D:6:      cheibrodos_two_vegetables, layout_layer_cave,
          gammafunk_temple_overflow_wave, minmay_temple_entry_enclosed_plants,
          st_stairs_3, minmay_fractal_squares_5, uniq_grinder, uniq_menkaure,
          uniq_sigmund
D:7:      minmay_angry_zag, layout_basic, tso_altar, serial_co_window_serial,
          co_window_corner_a, co_window_paths_a, co_window_paths_a,
          co_window_corner_a, co_window_paths_a, co_window_unsneaky_path_a,
          co_window_unsneaky_path_d, co_window_broadway_b, glass_columns_a,
          uniq_duvessa
D:8:      layout_loops_ring, lair_entry_dummy, serial_shops, shop,
          minmay_guarded_unrand_staff_of_olgreb, uniq_pikel
D:9:      layout_gridville, orc_0_dummy, minmay_misc_feat_encased
D:10:     layout_rooms, nicolae_trove_entry_crossroad, enter_bailey_2
D:11:     layout_cave_pools
D:12:     layout_irregular_city, gammafunk_ghost_fury_of_okawaru,
          kennysheep_diamond, uniq_sonja
D:13:     layout_gridville, hangedman_vaults_entry_quadrant_bands
D:14:     layout_irregular_city, gauntlet_entry_generic, chequers_jeans,
          minivault_20, chequers_mini_garden, uniq_louise
D:15:     grunt_enter_depths_snipers, layout_cave_pods, minivault_27,
          serial_shops, nicolae_shop_crystal, nemelex_diamond_rough_becter
Lair:1:   layout_misc_corridors, enter_volcano_3, wad_woods_road_03,
          lemuel_fruit_fields, uniq_fannar
Lair:2:   layout_hall_layers, spider_nest_entry_a
Lair:3:   layout_roguey, infiniplex_staircase_pool, uniq_snorg
Lair:4:   beast_lair_carwin_large_3, layout_concentric_octagons,
          nicolae_swamp_entry_splash_gauntlet, serial_bayou_shore_a,
          grunt_megastairs_1, minmay_lair_oklob_chamber, uniq_kirke, uniq_nessos
Lair:5:   layout_big_grid, slime_altar_1, minivault_19,
          grunt_forest_large_clearing_hut
Lair:6:   cheibrodos_lair_end_hotspot, layout_misc_corridors,
          portal_ice_cave_rime, uniq_rupert
Swamp:1:  layout_falls_marsh, evilmike_swamp_ruin_house_4, uniq_roxanne
Swamp:2:  layout_falls_marsh, evilmike_swamp_ruin_house_2, swamp_pool2,
          statue_in_the_mist_lemuel
Swamp:3:  layout_basic_swamp, ebering_ghost_reflecting_pool, serial_swamp_ruin,
          evilmike_swamp_ruin_rubble_2, evilmike_swamp_ruin_house_1, uniq_mara
Swamp:4:  swamp_vile, layout_basic_swamp, swamp_pool5
Spider:1: layout_spider_delve, uniq_asterion
Spider:2: layout_spider_delve, hangedman_spider_trapstep,
          nicolae_spider_cling_halls, uniq_azrael, uniq_aizul
Spider:3: layout_spider_delve, hangedman_spider_tarantella_strand
Spider:4: guppyfry_spider_rune, nicolae_arachne_temple,
          nicolae_spider_cling_ruins
Orc:1:    layout_caves, serial_shops, nicolae_shop_stone, minmay_orc_temple_b,
          uniq_erolcha, uniq_erica
Orc:2:    st_orc_town, layout_caves, gammafunk_ghost_arena,
          chequers_guarded_unrand_ignorance, uniq_maurice
Vaults:1: hangedman_vaults_pinch, ontoclasm_vaults_gateway, v_rooms_1, v_misc_2,
          nicolae_vaults_rhombus_7, ontoclasm_vaults_ring_square,
          nicolae_vaults_yaktaur_gun_rack, layout_vaults_omnigrid, serial_shops,
          shop
Vaults:2: minmay_crypt_entry_necro_gods, vaults_dpeg_diagonal,
          hangedman_vaults_impose, hangedman_vaults_impose,
          ontoclasm_vaults_fault, hangedman_vaults_stagger,
          ontoclasm_vaults_pinch, vaults_dpeg_cross,
          nicolae_vaults_little_squares_6, ontoclasm_vaults_chip, v_misc_15,
          nicolae_vaults_little_squares_4, layout_vaults_big_room, serial_shops,
          shop_statue, uniq_boris
Vaults:3: hangedman_vaults_restitches, nicolae_vaults_network_periphery,
          nicolae_vaults_network_s, grunt_vaults_trifunnel,
          ontoclasm_vaults_ligature, v_alt_pattern_1, hangedman_vaults_maws,
          hangedman_vaults_restitches, grunt_vaults_hallway_long,
          vaults_room_door_ring, nicolae_vaults_holding_cells,
          layout_vaults_omnicross
Vaults:4: ontoclasm_vaults_ring_square, v_alt_pattern_6,
          nicolae_vaults_ninety_degrees, st_star, v_misc_5, vaults_room_pool,
          ontoclasm_vaults_eye, nicolae_vaults_network_barrier,
          nicolae_vaults_twisting_passages, nicolae_vaults_gold_heap,
          nicolae_vaults_shelves_hall, vaults_mumra_lcd,
          nicolae_vaults_little_squares_1, v_misc_19, layout_vaults_omnibox,
          serial_shops, nicolae_shop_window_shopping
Vaults:5: serial_shops
Depths:1: layout_gridlike, grunt_hell_entry_dis_old,
          serial_sigils_hangedman_confine, st_stairs_2, minmay_pinched_square,
          grunt_megastairs_3
Depths:2: minmay_the_grid_triangle_9x9_recursive_3
          [minmay_the_grid_triangle_9x9_wacky_v,
          minmay_the_grid_triangle_9x9_empty,
          minmay_the_grid_triangle_9x9_cache,
          minmay_the_grid_triangle_9x9_prize_top_heavy,
          minmay_the_grid_triangle_9x9_limited_checkers,
          minmay_the_grid_triangle_9x9_sprig,
          minmay_the_grid_triangle_9x9_sparse_checkered,
          minmay_the_grid_triangle_9x9_zippers_horizontal,
          minmay_the_grid_triangle_9x9_pentomino_pain], layout_long_grid,
          hell_entry, rand_demon_pan_entry_9, serial_shops,
          kennysheep_little_box, lightli_minifort
Depths:3: minmay_guarded_unrand_majin_bo, layout_long_grid, enter_ziggurat_d,
          hell_entry, mu_enter_wizlab_6, pan_entry, infiniplex_staircase_pool_2
Depths:4: minmay_sliced_demisemicircle, layout_gridville,
          minmay_room_of_horrors, hell_entry, rand_demon_pan_entry_1,
          minmay_tree_intersection
Depths:5: evilmike_zot_entry_diamond, layout_gridville, hangedman_coc_ice_floe,
          solitary_fountain, minmay_shoptagon, uniq_frederick
Zot:1:    layout_basic
Zot:2:    layout_misc_corridors, basic_altar
Zot:3:    layout_misc_corridors, gammafunk_ghost_necromancy
Zot:4:    layout_basic, hangedman_spider_trapstep
Zot:5:    layout_gridlike

Skill      XL: |  1  2  3  4  5  6  7  8  9 10 11 12 13 14 15 16 17 18 19 20 21 22 23 24 25 26 27 |
---------------+----------------------------------------------------------------------------------+-----
Polearms       | 5 6 7 8 9 11 13 17 18 19 20 21 22 23 24 25 | 25.7
Armour         | 1 2 3 5 6 7 8 10 11 12 13 14 15 16 17 18 | 18.0
Fighting       | 3 4 5 7 8 10 12 13 15 17 19 20 21 22 27 | 27.0
Dodging        | 5 6 7 9 10 11 12 13 15 16 17 18 19 20 21 22 25 27 | 27.0
Invocations    | 3 7 8 |  8.0
Evocations     | 4 6 8 9 10 11 13 15 16 17 18 20 | 20.0
Shields        | 2 6 8 9 10 12 13 14 | 14.0
Throwing       | |  2.0

Action                   |  1- 3 |  4- 6 |  7- 9 | 10-12 | 13-15 | 16-18 | 19-21 | 22-24 | 25-27 || total
-------------------------+-------+-------+-------+-------+-------+-------+-------+-------+-------++-------
Melee: Trident           |   111 |   261 |   463 |   801 |   320 |       |       |       |       ||  1956
       Glaive            |       |       |       |   187 |       |       |       |       |       ||   187
       Tailslap          |       |       |       |     3 |       |    22 |    28 |       |     1 ||    54
       Punch             |       |       |       |     1 |       |       |       |     3 |       ||     4
       Bardiche          |       |       |       |       |   722 |   857 |       |       |       ||  1579
       Demon trident     |       |       |       |       |     9 |  1126 |  2315 |  2175 |  2112 ||  7737
       Unarmed           |       |       |       |       |     6 |       |       |       |       ||     6
Throw: Throwing net      |       |       |       |       |     1 |       |       |       |       ||     1
Invok: Heroism           |       |       |       |     5 |     3 |     2 |       |     1 |     3 ||    14
       Finesse           |       |       |       |       |       |       |       |       |     3 ||     3
Evoke: Wand              |       |       |       |     5 |    13 |    10 |     3 |     1 |     5 ||    37
       Phantom mirror    |       |       |       |       |     1 |     1 |       |     1 |       ||     3
       Condenser vane    |       |       |       |       |       |     2 |     2 |     6 |     2 ||    12
       Box of beasts     |       |       |       |       |       |     1 |       |     5 |       ||     6
  Use: Scroll            |     3 |     7 |       |    12 |    16 |    21 |     9 |    11 |    20 ||    99
       Potion            |       |       |       |     1 |    11 |     2 |       |     1 |     8 ||    23
 Stab: Sleeping          |     3 |     3 |       |       |       |       |       |       |       ||     6
       Distracted        |       |       |     1 |       |     2 |       |     2 |     1 |       ||     6
       Paralysed         |       |       |       |     4 |       |     1 |       |       |       ||     5
       Invisible         |       |       |       |       |     4 |       |       |       |       ||     4
       Confused          |       |       |       |       |       |       |       |       |     3 ||     3
Armor: Leather armour    |    26 |    50 |       |       |       |       |       |       |       ||    76
       Chain mail        |       |    22 |   198 |    47 |       |  1017 |   391 |       |       ||  1675
       Plate armour      |       |       |       |   338 |   395 |   126 |       |       |       ||   859
       Gold dragon scale |       |       |       |       |       |       |   161 |   877 |   563 ||  1601
Dodge: Dodged            |    72 |   151 |   217 |   508 |   734 |  1785 |   894 |   799 |   495 ||  5655
Block: Kite shield       |       |       |       |       |       |   664 |   834 |   636 |       ||  2134
       Tower shield      |       |       |       |       |       |       |       |   424 |  1969 ||  2393
